Map: White Rabbit LE

Players

herO

  • Race: Protoss Protoss

Reynor - Winner!

  • Race: Zerg Zerg

VOD

Have the link to the VOD?

Description

Time

  • Played on: Jan. 18, 2026, 3:44 a.m.
  • Length: 10:32
Show
View Real Time Build Order
Export as new Build Order

herO Protoss 

Build Orders: 1 Gate Expand, Oracle Opening 

Get SALT Encoding   

  12  0:00  Probe  
  13  0:12  Probe  
  14  0:19  Pylon  
  14  0:24  Probe  
  15  0:33  Probe  
  15  0:41  Probe  
  16  0:42  Gateway  
  17  0:50  Assimilator  
  17  0:51  Probe  
  18  1:03  Probe  
  19  1:15  Probe  
  20  1:27  Nexus  
  20  1:37  Cybernetics Core  
  20  1:40  Probe  
  21  1:49  Assimilator  
  21  1:52  Probe  
  22  1:57  Pylon  
  22  2:04  Probe  
  22  2:05  Adept  
  23  2:15  Probe  
  25  2:20  Stargate  
  26  2:23  Probe  
  27  2:30  Warp Gate  
  27  2:31  Probe  
  27  2:35  Adept, Probe  
  30  2:43  Probe x2  
  33  2:53  Probe  
  33  2:54  Oracle  
  33  2:55  Probe  
  38  3:07  Adept, Probe x2  
  42  3:13  Pylon  
  42  3:19  Probe x2  
  44  3:33  Oracle  
  47  3:34  Gateway  
  47  3:38  Probe x2  
  49  3:53  Nexus  
  49  3:55  Pylon  
  49  3:58  Twilight Council, Probe  
  49  4:00  Probe  
  51  4:06  Gateway, Resonating Glaives  
  47  4:10  Gateway  
  47  4:11  Assimilator  
  47  4:13  Probe x2  
  49  4:19  Adept  
  49  4:23  Nexus  
  51  4:24  Pylon  
  51  4:30  Probe x2  
  53  4:36  Pylon  
  53  4:42  Probe x2  
  53  4:44  Adept x2  
  57  4:54  Probe x2  
  57  4:58  Forge  
  59  5:04  Adept  
  59  5:06  Probe  
  59  5:07  Probe, Adept x3  
  67  5:19  Probe x2  
  69  5:23  Protoss Ground Weapons Level 1  
  69  5:33  Shield Battery, Probe  
  69  5:34  Probe  
  69  5:35  Probe, Adept x4  
  79  5:41  Probe  
  80  5:46  Probe  
  80  5:47  Probe  
  83  5:51  Probe  
  83  5:56  Adept x2  
  85  5:58  Pylon  
  85  6:00  Pylon  
  85  6:09  Blink  
  85  6:15  Gateway  
  85  6:16  Probe x3  
  88  6:18  Gateway  
  88  6:20  Adept x3  
  88  6:21  Adept  
  95  6:28  Probe x3  
  95  6:30  Gateway x2  
  98  6:37  Photon Cannon  
  98  6:43  Adept  
  99  6:49  Adept  
  99  6:50  Probe  
  99  6:53  Probe x2  
  101  6:55  Pylon  
  101  6:56  Pylon  
  101  7:01  Oracle  
  101  7:13  Adept x3  
  101  7:14  Adept x3  
  101  7:15  Gateway  
  108  7:16  Gateway  
  108  7:17  Protoss Ground Weapons Level 2  
  106  7:28  Oracle  
  102  7:35  Probe x3, Assimilator  
  102  7:37  Assimilator  
  101  7:42  Adept x7  
  110  7:44  Pylon  
  110  7:46  Adept  
  110  7:49  Pylon  
  112  7:59  Pylon  
  112  8:00  Oracle  
  115  8:08  Adept x2  
  115  8:09  Adept  
  115  8:12  Adept x2  
  125  8:14  Nexus  
  125  8:18  Adept x2  
  128  8:22  Probe  
  128  8:23  Probe x2  
  127  8:28  Adept x2  
  131  8:36  Pylon  
  131  8:47  Stalker  
  133  8:52  Probe x3  
  101  9:09  Stalker x9  
  93  9:11  Stalker  
  93  9:24  Probe x3  
  92  9:31  Shield Battery  
  90  9:32  Stalker x2  
  90  9:37  Assimilator  
  92  9:39  Stalker x4  
  92  10:01  Stalker  
  92  10:02  Stalker x5, Zealot  
  92  10:03  Zealot  
  86  10:19  Zealot  
  86  10:20  Zealot  
Show
View Real Time Build Order
Export as new Build Order

Reynor Zerg - Winner!

Build Orders: Hatch First, Roach Hydra 

Get SALT Encoding   

  12  0:00  Drone  
  13  0:07  Drone  
  14  0:14  Extractor, Drone  
  15  0:34  Hatchery  
  14  0:39  Extractor  
  14  0:40  Drone  
  15  0:46  Overlord  
  15  1:05  Drone x3  
  18  1:12  Spawning Pool  
  18  1:15  Drone  
  18  1:19  Extractor  
  17  1:26  Drone  
  18  1:37  Drone  
  19  1:46  Drone  
  20  1:48  Drone  
  21  1:58  Queen  
  21  1:59  Queen, Zergling x2  
  26  2:06  Drone  
  27  2:09  Overlord  
  27  2:10  Drone  
  28  2:29  Zergling x2  
  29  2:30  Drone x2  
  29  2:32  Metabolic Boost  
  31  2:41  Queen  
  33  2:49  Drone, Hatchery  
  33  2:52  Overlord  
  33  2:55  Drone  
  34  2:59  Zergling x4  
  36  3:10  Queen, Drone  
  36  3:11  Drone  
  40  3:13  Drone  
  40  3:16  Overlord  
  41  3:20  Drone x2  
  41  3:23  Drone  
  44  3:29  Overlord  
  44  3:35  Zergling x2  
  44  3:38  Spore Crawler  
  44  3:39  Zergling x6  
  44  3:41  Drone  
  48  3:45  Drone  
  49  3:51  Drone x2  
  49  3:52  Drone  
  49  3:53  Drone  
  53  3:58  Overlord  
  53  4:02  Queen, Drone x2  
  57  4:07  Spore Crawler  
  57  4:09  Drone  
  57  4:11  Drone  
  57  4:13  Drone  
  59  4:17  Drone x3  
  59  4:19  Spore Crawler  
  59  4:20  Drone x2  
  63  4:24  Queen  
  63  4:27  Drone x2  
  67  4:33  Roach Warren  
  67  4:36  Drone  
  67  4:37  Drone  
  67  4:38  Overlord  
  68  4:43  Drone x2  
  69  4:48  Drone x2  
  69  4:49  Lair, Drone  
  70  4:53  Extractor  
  70  4:54  Zergling x4  
  70  4:55  Zergling x4  
  70  4:57  Drone  
  74  5:00  Overlord  
  74  5:03  Drone x3  
  74  5:06  Drone  
  77  5:07  Drone x2  
  77  5:10  Overlord  
  77  5:11  Drone  
  77  5:12  Drone  
  79  5:19  Overlord  
  79  5:20  Queen  
  80  5:22  Drone x3, Extractor  
  80  5:23  Overlord  
  80  5:25  Drone  
  80  5:28  Evolution Chamber  
  80  5:29  Extractor  
  79  5:38  Drone x2  
  79  5:42  Roach x2  
  85  5:45  Hatchery  
  85  5:46  Roach x2  
  88  5:50  Roach x2  
  88  5:51  Evolution Chamber  
  88  5:53  Evolution Chamber  
  88  5:55  Evolution Chamber  
  89  5:57  Roach  
  89  6:00  Roach x4, Zergling x4  
  97  6:04  Queen  
  97  6:08  Overlord  
  97  6:09  Roach  
  97  6:10  Zergling x2  
  103  6:12  Roach, Zergling x4  
  103  6:14  Queen  
  105  6:18  Drone  
  105  6:19  Drone  
  105  6:20  Drone  
  105  6:22  Glial Reconstitution  
  105  6:24  Queen  
  109  6:30  Drone x2  
  111  6:33  Drone  
  111  6:34  Extractor  
  111  6:36  Zerg Missile Weapons Level 1  
  111  6:42  Roach x4  
  111  6:45  Roach, Zergling x4, Evolution Chamber  
  111  6:46  Zergling x2  
  119  6:52  Drone x2  
  114  6:54  Hydralisk Den  
  114  6:55  Extractor  
  114  6:56  Zergling x4  
  114  6:58  Queen  
  116  7:06  Zergling x4  
  116  7:08  Drone  
  117  7:10  Drone x3  
  114  7:16  Zergling x4  
  114  7:19  Drone  
  114  7:27  Roach x3, Zergling x2  
  114  7:29  Roach x2, Zergling x2  
  124  7:31  Zergling x2, Roach  
  124  7:32  Queen  
  125  7:37  Roach x2, Zergling x2  
  125  7:39  Zergling x2  
  125  7:41  Overlord  
  125  7:43  Grooved Spines  
  123  7:48  Overlord, Hydralisk x2  
  127  7:57  Overlord  
  127  7:59  Roach  
  127  8:00  Hydralisk x3  
  127  8:04  Overlord  
  135  8:06  Hydralisk x4  
  135  8:07  Zergling x2  
  144  8:12  Zergling x2  
  144  8:16  Roach x2  
  144  8:18  Overlord  
  142  8:21  Evolution Chamber  
  142  8:22  Roach x2  
  142  8:23  Roach x4  
  148  8:27  Roach x2  
  148  8:33  Muscular Augments  
  153  8:36  Overlord  
  153  8:37  Hydralisk x2  
  153  8:39  Hydralisk  
  153  8:40  Hydralisk  
  161  8:42  Overlord  
  161  8:49  Overlord  
  161  8:57  Roach x5  
  152  9:03  Hydralisk  
  152  9:04  Hydralisk x4  
  152  9:08  Hydralisk  
  150  9:18  Drone x3  
  150  9:21  Hydralisk, Roach x4, Zergling x2  
  157  9:26  Roach  
  157  9:28  Zergling x2  
  158  9:32  Hydralisk  
  158  9:33  Zergling x6  
  162  9:38  Hydralisk  
  162  9:41  Overlord  
  162  9:43  Hydralisk  
  161  9:49  Hydralisk x4  
  161  9:52  Hydralisk  
  165  9:58  Hydralisk  
  165  9:59  Zergling x8  
  166  10:01  Overlord  
  166  10:03  Zergling x2  
  166  10:05  Zergling x4  
  148  10:14  Zergling x2  
Tags
 
Add a new tag
Caveats
  • Supply blocks, unpowered buildings, or Contaminate may cause inaccurate times.
  • Supply counts are checked every 10 seconds.